 Dungeon Crawl Stone Soup version 0.29-a0-359-g541a27f54d (webtiles) character file.

Game seed: 2932487835215025716

237573 spiderkeys the Warrior (level 19, -16/179 HPs)
             Began as a Ghoul Abyssal Knight on Apr 27, 2022.
             Was the Champion of Lugonu.
             Killed from afar by a quicksilver dragon (29 damage)
             ... with a bolt of dispelling energy
             ... on level 4 of the Snake Pit.
             The game lasted 01:22:48 (61215 turns).

spiderkeys the Warrior (Ghoul Abyssal Knight)      Turns: 61215, Time: 01:22:48

Health: -16/179    AC: 22    Str: 31    XL:     19   Next: 24%
Magic:  24/24      EV: 13    Int:  8    God:    Lugonu [******]
Gold:   3803       SH: 18    Dex: 11    Spells: 18/18 levels left

rFire   + + .      SeeInvis .   Y - +7 broad axe (venom)
rCold   + . .      Faith    .   P - +0 kite shield {reflect}
rNeg    + + +      Spirit   .   L - +0 fire dragon scales
rPois   ∞          Reflect  +   Q - +2 helmet {Int+3}
rElec   +          Harm     .   z - +0 cloak
rCorr   .          Rampage  .   X - +1 pair of gloves of the Worm {Drain rElec rC+ Str+4}
Will    +....                   (no boots)
Stlth   ..........              V - amulet of reflection
HPRegen 0.00/turn               E - +4 ring of evasion
MPRegen 0.19/turn               c - ring of Welipno {Fly Str+2 Dex+2}

@: flying, inhibited regen
A: claws 1, cold resistance 1, negative energy resistance 3, inhibited
regeneration, torment resistance 2, devour on kill
}: 2/15 runes: serpentine, barnacled
a: Renounce Religion, Depart the Abyss, Bend Space, Banish, Corrupt, Enter the
Abyss, Brand Weapon With Distortion


You were on level 4 of the Snake Pit.
You worshipped Lugonu.
Lugonu was exalted by your worship.
You visited 6 branches of the dungeon, and saw 32 of its levels.
You visited the Abyss 2 times.
You also visited: Sewer, Ossuary and Ice Cave.

You collected 5123 gold pieces.
You spent 1320 gold pieces at shops.


Innate Abilities, Weirdness & Mutations

You are immune to poison.
You have sharp fingernails.
Your flesh is cold resistant. (rC+)
You are immune to negative energy. (rN+++)
You do not regenerate when monsters are visible.
You are immune to unholy pain and torment.
You thrive by killing the living.


   Skills:
 - Level 18.0 Fighting
 + Level 15.7 Axes
 + Level 10.0 Throwing
 + Level 17.4 Armour
 - Level 1.0 Dodging
 - Level 15.0 Shields
 - Level 9.0 Invocations
 - Level 5.0 Evocations


You had 18 spell levels left.
You didn't know any spells.
Your spell library contained the following spells:

 Spells                   Type           Power      Damage    Failure   Level
 Magic Dart               Conj           0%         1d3       80%         1
 Pain                     Necr           0%         1d4       80%         1
 Shock                    Conj/Air       0%         1d3       80%         1
 Sting                    Tmut/Pois      0%         1d3       80%         1
 Summon Small Mammal      Summ           0%         N/A       80%         1
 Blink                    Tloc           0%         N/A       90%         2
 Call Imp                 Summ           0%         N/A       90%         2
 Passwall                 Tmut/Erth      0%         N/A       90%         2
 Call Canine Familiar     Summ           0%         N/A       99%         3
 Confusing Touch          Hex            0%         N/A       99%         3
 Conjure Flame            Conj/Fire      0%         6-21      99%         3
 Dazzling Flash           Conj/Hex       0%         N/A       99%         3
 Ignite Poison            Fire/Tmut/Pois 0%         N/A       99%         3
 Mephitic Cloud           Conj/Pois/Air  0%         N/A       99%         3
 Portal Projectile        Hex/Tloc       0%         N/A       99%         3
 Summon Guardian Golem    Hex/Summ       0%         N/A       99%         3
 Swiftness                Air            0%         N/A       99%         3
 Airstrike                Air            0%         N/A       100%        4
 Iskenderun's Mystic Bla  Conj/Tloc      0%         2d3       100%        4
 Sticky Flame             Conj/Fire      0%         2d3       100%        4
 Summon Lightning Spire   Summ/Air       0%         N/A       100%        4
 Agony                    Necr           0%         N/A       100%        5
 Excruciating Wounds      Necr           0%         N/A       100%        5
 Irradiate                Conj/Tmut      0%         3d13      100%        5
 Lightning Bolt           Conj/Air       0%         1d11      100%        5
 Manifold Assault         Tloc           0%         N/A       100%        5
 Yara's Violent Unravell  Hex/Tmut       0%         3d3       100%        5
 Dispersal                Tloc           0%         N/A       100%        6
 Starburst                Conj/Fire      0%         6d3       100%        6
 Enfeeble                 Hex            0%         N/A       100%        7
 Disjunction              Tloc           0%         N/A       100%        8
 Beastly Appendage        Tmut           Unusable   N/A       N/A         1
 Wereblood                Tmut           Unusable   N/A       N/A         2
 Spider Form              Tmut/Pois      Unusable   N/A       N/A         3
 Blade Hands              Tmut           Unusable   N/A       N/A         5
 Statue Form              Tmut/Erth      Unusable   N/A       N/A         6
 Storm Form               Tmut/Air       Unusable   N/A       N/A         7

Inventory:

Hand Weapons
 a - a +0 broad axe
   (You found it on level 15 of the Dungeon)
 T - the +4 broad axe of the Middle {pain, rPois Will+ Str-3 Dex+4}
   (You bought it in a shop on level 2 of the Snake Pit)

   In the hands of one skilled in necromantic magic, it inflicts extra damage on
   living creatures.
   Str:       It affects your strength (-3).
   Dex:       It affects your dexterity (+4).
   rPois:     It protects you from poison.
   Will:      It increases your willpower.
 Y - a +7 broad axe of venom (weapon)
   (You found it on level 9 of the Dungeon)
Missiles
 l - 8 javelins
 C - 3 silver boomerangs
 D - 38 boomerangs (quivered)
 K - 12 curare-tipped darts {=f}
 M - a boomerang of dispersal {=f!f}
 S - 6 datura-tipped darts
 Z - 14 silver javelins
Armour
 e - a +1 helmet of see invisible
   (You found it in an ice cave)
 p - +2 ice dragon scales
   (You found it in an ice cave)
 y - a +0 tower shield
   (You took it off Louise on level 14 of the Dungeon)
 z - a +0 cloak (worn)
   (You found it on level 2 of the Dungeon)
 L - +0 fire dragon scales (worn)
   (You found it on level 6 of the Lair of Beasts)
 P - a +0 kite shield of reflection (worn)
   (You took it off a naga warrior on level 3 of the Snake Pit)
 Q - a +2 helmet of intelligence (worn)
   (You bought it in a shop on level 9 of the Dungeon)
 X - the +1 pair of gloves of the Worm (worn) {Drain rElec rC+ Str+4}
   (You bought it in a shop on level 2 of the Snake Pit)

   Str:       It affects your strength (+4).
   rC:        It protects you from cold.
   rElec:     It insulates you from electricity.
   Drain:     It drains your maximum health when unequipped.
Magical Staves
 O - a staff of earth {!a}
   (You found it on level 4 of the Shoals)
Jewellery
 c - the ring of Welipno (right hand) {Fly Str+2 Dex+2}
   (You found it on level 1 of the Lair of Beasts)

   [ring of flight]

   Str:       It affects your strength (+2).
   Dex:       It affects your dexterity (+2).
   Fly:       It grants you flight.
 v - a ring of see invisible
   (You found it on level 7 of the Dungeon)
 E - a +4 ring of evasion (left hand)
   (You found it on level 1 of the Dungeon)
 F - a ring of protection from fire
   (You took it off a naga on level 2 of the Snake Pit)
 R - a ring of resist corrosion
   (You found it on level 1 of the Dungeon)
 V - an amulet of reflection (around neck)
   (You found it on level 5 of the Dungeon)
Wands
 g - a wand of flame (9)
   (You found it on level 13 of the Dungeon)
 i - a wand of acid (8)
   (You found it on level 4 of the Snake Pit)
 u - a wand of charming (6)
   (You took it off Maurice on level 10 of the Dungeon)
 A - a wand of mindburst (20)
   (You found it on level 12 of the Dungeon)
Scrolls
 b - 2 scrolls of immolation {!r!r}
 d - 5 scrolls of fog
 h - a scroll of torment
 j - 7 scrolls of amnesia
 k - 5 scrolls of magic mapping {!r}
 q - 5 scrolls of teleportation {@r4}
 B - a scroll of blinking {!r}
 G - 7 scrolls of vulnerability {!r!r}
 J - 4 scrolls of fear
 U - 6 scrolls of silence {!r}
 W - 5 scrolls of enchant armour
Potions
 f - 5 potions of might
 m - 2 potions of resistance
 n - 3 potions of invisibility
 o - 9 potions of curing {@q1}
 s - 8 potions of ambrosia
 w - 7 potions of haste {@q3}
 x - 12 potions of brilliance
 H - 2 potions of cancellation
 I - 5 potions of attraction {!q}
 N - 2 potions of magic
Miscellaneous
 r - a phantom mirror
   (You found it on level 12 of the Dungeon)

Dungeon Overview and Level Annotations

Branches:
Dungeon (15/15)            Temple (1/1) D:5            Lair (6/6) D:11
 Shoals (4/4) Lair:3        Snake (4/4) Lair:4        Slime (0/5) Lair:6
    Orc (2/2) D:12            Elf (0/3) Orc:2        Vaults (0/5) D:14
 Depths (0/4) D:15          Sewer (visited)         Ossuary (visited)
  IceCv (visited)

Altars:
Ashenzari
Cheibriados
Gozag
Kikubaaqudgha
Makhleb
Nemelex Xobeh
Okawaru
Qazlal
Trog
Uskayaw
Vehumet
Wu Jian
Zin
Beogh
Lugonu

Shops:
D:9 [   D:10 :   Orc:1 =   Orc:2 **=[(   Shoals:2 [(**   Snake:2 (=*

Portals:
Abyss: Shoals:2

Annotations:
D:8 1 runed translucent door
Abyss:1 Azrael

#..##.##..#
####.)...##
#.....## ##.#...#
##.#..#.##
#.#..##..#########
.#).#..........SN#
##.#############N##
### #@N# ##N# #.##
#NN# ##N## #.D#
##)## #).# ##.#


You could see a quicksilver dragon (catching breath, ally target), a friendly
salamander tyrant (summoned), a friendly salamander mystic (summoned), 5
friendly salamanders and a friendly shock serpent (summoned).


Message History

You slice the quicksilver dragon!!
The quicksilver dragon is poisoned.
You block the quicksilver dragon's attack. x2
You closely miss the quicksilver dragon.
The quicksilver dragon breathes dispelling energy at you.
The bolt of dispelling energy hits you!
You block the quicksilver dragon's attack. x2
The naga shouts! 😮 HP[-17]
You take 17 damage, and now have 119/179 hp.
You chop the quicksilver dragon into pieces!!!
The quicksilver dragon misses you.
The quicksilver dragon claws you but does no damage.
You miss the quicksilver dragon.
You block the quicksilver dragon's attack. x2
You miss the quicksilver dragon.
The quicksilver dragon barely misses you.
You block the quicksilver dragon's attack.
The quicksilver dragon breathes dispelling energy at you.
The bolt of dispelling energy hits you! 😮 HP[-15]
You take 15 damage, and now have 104/179 hp.
You completely miss the quicksilver dragon.
You block the quicksilver dragon's attack.
The quicksilver dragon misses you.
You hit the quicksilver dragon.
The quicksilver dragon looks as sick as possible!
The quicksilver dragon bites you but does no damage.
The quicksilver dragon claws you but does no damage.
You slice the quicksilver dragon!! You slash the quicksilver dragon!
You kill the quicksilver dragon!
Lugonu accepts your kill.
The quicksilver dragon scales are intact enough to wear.
You block the quicksilver dragon's attack. x2
The quicksilver dragon breathes dispelling energy at you.
The bolt of dispelling energy hits you!!!
* * * LOW HITPOINT WARNING * * *
😨 HP[-40]
You take 40 damage, and now have 64/179 hp.
MASSIVE DAMAGE!! (PAUSE)
As you read the scroll of teleportation {@r4}, it crumbles to dust.
You feel strangely unstable. The naga spits poison at you.
The splash of poison misses you. The quicksilver dragon bites you!
* * * LOW HITPOINT WARNING * * *
You block the quicksilver dragon's attack. 😨 HP[-12]
You take 12 damage, and now have 52/179 hp.
Unknown command.
You closely miss the quicksilver dragon.
You block the quicksilver dragon's attack. x2
The quicksilver dragon breathes dispelling energy at you.
The bolt of dispelling energy hits you!!!
You feel strangely stable.
* * * LOW HITPOINT WARNING * * *
😱 HP[-50]
You take 50 damage, and now have 2/179 hp.
MASSIVE DAMAGE!! (PAUSE) Really read
B - 3 scrolls of blinking {!r}?
Blink to where?
Press: ? - help, Dir - move target
As you read the scroll of blinking {!r}, it crumbles to dust.
Okay, then.
Really read
B - 2 scrolls of blinking {!r}?
Blink to where?
Press: ? - help, Dir - move target
As you read the scroll of blinking {!r}, it crumbles to dust.
You feel better. 😱 HP[+8]
You regained 8 hp, and now have 10/179 hp.
You feel better. 😱 HP[+10]
You regained 10 hp, and now have 20/179 hp. 😱 HP[+1]
The quicksilver dragon breathes dispelling energy at you.
The bolt of dispelling energy hits you!
* * * LOW HITPOINT WARNING * * *
Things that are here:
a +0 robe; a +0 battleaxe; 😱 HP[-8]
You take 8 damage, and now have 13/179 hp.
Press: ? - help, Shift-Dir - straight line, f - quicksilver dragon
Aim: a quicksilver dragon (lightly wounded, chance to affect: 3%)
Okay, then.
As you read the scroll of summoning, it crumbles to dust.
Wisps of shadow whirl around you... What are your orders? t - Shout!
Orders for allies: a - Attack new target. r - Retreat! s - Stop attacking. g - Guard the area. f - Follow me.
Anything else - Cancel.
Gang up on whom?
Press: ? - help, Dir - move target, f - quicksilver dragon
Aim: a quicksilver dragon (lightly wounded, ally target) Attack!
The quicksilver dragon breathes dispelling energy at you.
The bolt of dispelling energy hits your salamander!!!
The bolt of dispelling energy hits your salamander.
The bolt of dispelling energy hits your salamander mystic!!
The bolt of dispelling energy hits you!!
You die...

Skill      XL: |  1  2  3  4  5  6  7  8  9 10 11 12 13 14 15 16 17 18 19 |
---------------+----------------------------------------------------------+-----
Dodging        | 1 |  1.0
Axes           | 2 3 4 5 7 8 9 10 11 12 13 14 15 | 15.7
Armour         | 2 3 4 6 7 8 10 12 14 15 16 17 | 17.4
Fighting       | 4 5 6 7 8 10 12 14 16 17 18 | 18.0
Shields        | 1 2 3 4 5 6 7 9 10 11 12 13 14 15 | 15.0
Invocations    | 3 4 5 7 8 9 |  9.0
Throwing       | 1 4 5 7 9 10 | 10.0
Evocations     | 5 |  5.0

Action                   |  1- 3 |  4- 6 |  7- 9 | 10-12 | 13-15 | 16-18 | 19-21 || total
-------------------------+-------+-------+-------+-------+-------+-------+-------++-------
Melee: Hand axe          |   125 |   196 |   281 |       |       |       |       ||   602
       War axe           |       |       |   229 |   457 |       |       |       ||   686
       Broad axe         |       |       |       |   369 |  1130 |  1588 |   136 ||  3223
Throw: Boomerang         |       |     5 |       |     1 |       |    67 |    12 ||    85
       Dart              |       |       |       |    10 |    15 |     3 |       ||    28
Invok: Bend Space        |       |       |     1 |     6 |     3 |    19 |       ||    29
       Banish            |       |       |     1 |    13 |    14 |     2 |       ||    30
       Depart the Abyss  |       |       |       |       |       |     1 |       ||     1
Evoke: Wand              |       |       |    10 |     4 |    12 |     5 |       ||    31
       Phantom mirror    |       |       |       |       |     1 |     2 |       ||     3
  Use: Scroll            |       |       |    12 |    19 |    19 |    19 |     4 ||    73
       Potion            |       |       |       |     3 |     3 |     8 |     2 ||    16
 Stab: Distracted        |       |       |       |       |     1 |       |       ||     1
       Invisible         |       |       |       |       |       |     5 |       ||     5
Armor: Ring mail         |    33 |    55 |   140 |   310 |   434 |       |       ||   972
       Leather armour    |     1 |       |       |       |       |       |       ||     1
       Plate armour      |       |       |    23 |       |       |       |       ||    23
       Fire dragon scale |       |       |       |       |    72 |   609 |    33 ||   714
       Ice dragon scales |       |       |       |       |       |    43 |       ||    43
Dodge: Dodged            |    65 |   108 |   285 |   403 |   628 |   665 |    46 ||  2200
Block: Kite shield       |    12 |    72 |   280 |   730 |  1110 |  1535 |   103 ||  3842
       Reflection        |       |       |     3 |    12 |    24 |   233 |    17 ||   289

Levels and vault maps discovered:
D:1:      matt_arrival_diagonals, layout_loops_corners,
          ebering_ecumenical_altar_hall, minmay_indecisive_spiral
D:2:      layout_basic
D:3:      layout_rooms, nicolae_overflow_crystal_walls, gup_sewer_entry_bowl,
          grunt_ministairs_15
D:4:      layout_loops_corners, grunt_temple_overflow_bloody_war,
          nicolae_wu_jian_glorious_leap, general_overflow_altar, serial_glass,
          glass_columns_a, glass_columns_b, minmay_strange_pillars, st_stairs_9,
          patterned_corridor, uniq_ijyb
D:5:      layout_loops_ring, mainiacjoe_overflow_alcove_1,
          minmay_temple_entry_large_hall, amcnicky_mini_rare_corridor_liquid,
          nicolae_grassy_gnolls, uniq_eustachio
D:6:      layout_loops_cross, nemelex_spade_bored_becter, zin_academy
D:7:      layout_loops_corners, uniq_maggie
D:8:      cheibrodos_histonic, layout_loops_ring, mainiacjoe_overflow_paths,
          mainiacjoe_overflow_large_starburst, enter_ossuary_2,
          hangedman_decor_riveting, lemuel_old_faithful
D:9:      layout_roguey, serial_shops, nicolae_shop_waterfront, uniq_pikel
D:10:     layout_roguey, nicolae_overflow_hidden_temple, serial_shops, shop,
          uniq_maurice, uniq_sonja, uniq_erica, uniq_nergalle, uniq_gastronok
D:11:     layout_layer_cave, lair_entry_dummy, gauntlet_entry_generic,
          nicolae_qazlal_scattered_showers
D:12:     layout_irregular_city, minmay_orc_entry_temple_small,
          ebering_ghost_disaster_area, minmay_orc_keep
D:13:     layout_basic, nicolae_sextant
D:14:     layout_irregular_city, david_vaults_5, uniq_louise, uniq_azrael
D:15:     grunt_enter_depths_hoard, layout_basic, dreamdust_princess_bridge
Temple:   cyrus_temple_forest
Lair:1:   layout_roguey, basic_altar, infiniplex_staircase_pool_2,
          lemuel_fruit_tree
Lair:2:   layout_regular_city, serial_bayou_shore_a, uniq_amaemon, uniq_urug
Lair:3:   layout_regular_city, minmay_shoals_entry_hut, lemuel_fruit_fields
Lair:4:   layout_gridlike, guppyfry_snake_entry_island, grunt_megastairs_4
Lair:5:   layout_small_grid, grunt_megastairs_3, infiniplex_staircase_pool
Lair:6:   hangedman_lair_tendril_chambers, layout_regular_city, wormcave,
          minmay_slime_entry_pillars, minivault_19, st_stairs_13,
          serial_bayou_pond_e
Shoals:1: layout_shoals, nicolae_shoals_stone_sculpture_thing
Shoals:2: nicolae_shoals_mermall, layout_shoals,
          nicolae_shoals_abyss_on_the_beach
Shoals:3: layout_shoals, uniq_donald
Shoals:4: shoals_end_grunt_garden, layout_shoals,
          nicolae_shoals_siren_and_animal_friends
Snake:1:  layout_honeycomb, basic_altar
Snake:2:  layout_rooms, ebering_ghost_reflecting_pool, nicolae_shop_clearance,
          minmay_shop_star
Snake:3:  layout_cave_town, serial_bayou_pond_d, uniq_vashnia, uniq_roxanne
Snake:4:  hellmonk_snake_rune_quicksilver_temple, layout_onion_interference,
          portal_ice_cave_entry_horrid_things, drop_trap
Orc:1:    layout_caves, serial_shops, shop, mines2_david
Orc:2:    grunt_orc_gardens, layout_diamond_mine, grunt_orc_garden,
          grunt_orc_garden, grunt_orc_garden, grunt_orc_garden, serial_shops,
          nicolae_shop_trees, mines2_lemuel, uniq_nessos

Notes
Turn   | Place    | Note
-------+----------+-------------------------------------------
     0 | Abyss:1  | spiderkeys the Ghoul Abyssal Knight began the quest for the
                  | Orb.
     0 | Abyss:1  | Reached XP level 1. HP: 19/19 MP: 1/1
     0 | Abyss:1  | magus.rc [v1.11.3]
    38 | Abyss:1  | Found a corrupted altar of Lugonu.
   113 | Abyss:1  | Noticed a starcursed mass
   150 | Abyss:2  | Found a corrupted altar of Lugonu.
   171 | Abyss:2  | Noticed a smoke demon
   175 | Abyss:2  | HP: 2/19 [smoke demon/divine providence (16)]
   176 | D:1      | You pass through the gate.
   176 | D:1      | Escaped the Abyss
   612 | D:1      | Reached skill level 1 in Dodging
   624 | D:1      | Reached skill level 2 in Axes
   624 | D:1      | Reached XP level 2. HP: 12/26 MP: 2/2
   628 | D:1      | Reached skill level 2 in Armour
  1184 | D:1      | Reached XP level 3. HP: 31/31 MP: 3/3
  1191 | D:1      | Found a faded altar of an unknown god.
  1796 | D:2      | Reached *** piety under Lugonu
  2154 | D:2      | Reached XP level 4. HP: 33/40 MP: 3/5
  2456 | D:2      | Reached skill level 4 in Fighting
  2598 | D:3      | Reached skill level 1 in Shields
  2615 | D:3      | Reached skill level 3 in Invocations
  2618 | D:3      | Reached XP level 5. HP: 33/46 MP: 6/6
  2747 | D:3      | Found a glowing drain.
  2751 | Sewer    | Entered a sewer
  3044 | Sewer    | Noticed a kobold brigand
  3065 | Sewer    | Killed a kobold brigand
  3066 | Sewer    | Reached skill level 3 in Armour
  3066 | Sewer    | Reached XP level 6. HP: 42/53 MP: 7/7
  3210 | Sewer    | Reached **** piety under Lugonu
  3211 | Sewer    | Reached skill level 3 in Axes
  3388 | Sewer    | Reached skill level 2 in Shields
  3479 | Sewer    | Reached XP level 7. HP: 45/60 MP: 8/8
  3481 | Sewer    | Reached skill level 4 in Invocations
  3608 | Sewer    | Reached skill level 5 in Fighting
  4427 | D:3      | Found a burning altar of Makhleb.
  4432 | D:3      | You fall into a shaft and drop 2 floors!
  4432 | D:5      | Entered Level 5 of the Dungeon
  4455 | D:5      | Reached skill level 4 in Armour
  4455 | D:5      | Reached skill level 3 in Shields
  4461 | D:5      | Reached XP level 8. HP: 20/69 MP: 10/10
  4461 | D:5      | HP: 17/69 [orc/+0 flail (3)]
  4675 | D:5      | Found a staircase to the Ecumenical Temple.
  4788 | D:5      | Reached skill level 4 in Axes
  4824 | Temple   | Entered the Ecumenical Temple
  4829 | Temple   | HP: 17/69 [phantom (1)]
  5211 | D:5      | Noticed a yak
  5212 | D:5      | Noticed a yak
  5212 | D:5      | Noticed a yak
  5262 | D:4      | Reached skill level 5 in Invocations
  5274 | D:4      | Banished a yak
  5403 | D:4      | Reached skill level 6 in Fighting
  5668 | D:4      | Noticed Ijyb
  5680 | D:4      | Killed Ijyb
  6217 | D:3      | You pick up a book of Changes and begin reading...
  6505 | D:4      | Found a hide-covered altar of Uskayaw.
  6661 | D:4      | Found a bloodstained altar of Trog.
  6661 | D:4      | Found an iron altar of Okawaru.
  6842 | D:4      | Found an ornate altar of the Wu Jian Council.
  7538 | D:5      | Noticed Eustachio
  7561 | D:5      | Killed Eustachio
  7562 | D:5      | Reached skill level 4 in Shields
  7689 | D:5      | Reached XP level 9. HP: 74/77 MP: 12/12
  7822 | D:5      | Found a snail-covered altar of Cheibriados.
  7857 | D:5      | Reached skill level 5 in Axes
  7857 | D:5      | Reached skill level 5 in Armour
  7865 | D:5      | Reached skill level 6 in Invocations
  8749 | D:6      | Found a sparkling altar of Nemelex Xobeh.
  8886 | D:6      | Reached skill level 7 in Fighting
  9036 | D:7      | Noticed Maggie
  9056 | D:7      | Killed Maggie
  9057 | D:7      | Reached skill level 5 in Shields
  9624 | D:7      | Reached ***** piety under Lugonu
  9628 | D:7      | Reached skill level 6 in Armour
  9628 | D:7      | Reached skill level 7 in Invocations
  9628 | D:7      | Reached XP level 10. HP: 23/86 MP: 14/14
  9628 | D:7      | HP: 20/86 [vampire mosquito (3)]
  9629 | D:7      | HP: 9/86 [vampire mosquito (4)]
  9632 | D:7      | Reached skill level 6 in Axes
 10569 | D:8      | Found a runed translucent door.
 10674 | D:8      | Found a radiant altar of Vehumet.
 10698 | D:8      | Found a sand-covered staircase.
 10703 | Ossuary  | Entered an ossuary
 11079 | D:8      | Reached skill level 8 in Fighting
 11087 | D:8      | HP: 18/88 [yak (5)]
 11093 | D:8      | HP: 13/88 [yak (6)]
 11443 | D:8      | Noticed a two-headed ogre
 11499 | D:8      | Found an opulent altar of Gozag.
 11502 | D:8      | Banished a two-headed ogre
 11503 | D:8      | Reached skill level 6 in Shields
 11696 | D:8      | Found a broken altar of Ashenzari.
 12169 | D:8      | Found a runed translucent door.
 12282 | D:8      | Reached skill level 8 in Invocations
 12714 | D:8      | Noticed a black mamba
 12714 | D:8      | a tarantella changed into a black mamba
 12725 | D:8      | Reached skill level 7 in Armour
 12735 | D:8      | HP: 17/90 [black mamba (shapeshifter) (10)]
 12737 | D:8      | Killed a black mamba
 12738 | D:8      | Reached skill level 7 in Axes
 12738 | D:8      | Reached XP level 11. HP: 19/95 MP: 14/16
 13123 | D:8      | HP: 22/95 [yak (8)]
 13526 | D:8      | Reached skill level 9 in Fighting
 13646 | D:8      | You add the spells Passwall and Yara's Violent Unravelling
                  | to your library.
 13646 | D:8      | Got the Volume of Changing
 14103 | D:9      | Noticed Pikel
 14117 | D:9      | Killed Pikel
 14200 | D:9      | Found Sucvyij's Antique Armour Shop.
 14210 | D:9      | Bought a runed helmet for 172 gold pieces
 14470 | D:9      | You pick up a book of Callings and begin reading...
 14470 | D:9      | You add the spells Summon Small Mammal, Call Canine
                  | Familiar and Summon Guardian Golem to your library.
 14853 | D:9      | Reached skill level 7 in Shields
 14896 | D:10     | Entered Level 10 of the Dungeon
 14896 | D:10     | Noticed Sonja
 14902 | D:10     | Killed Sonja
 15002 | D:10     | Identified the +2 dagger of Desperation {pain, Fly rF++ rN+
                  | Dex+3}
 15336 | D:10     | Noticed a sun demon
 15348 | D:10     | Reached skill level 9 in Invocations
 15382 | D:10     | Found Coeq's Book Emporium.
 15402 | D:10     | Noticed Nergalle
 15417 | D:10     | Noticed a spectral orc warlord
 15428 | D:10     | Killed Nergalle
 15469 | D:10     | Noticed Maurice
 15481 | D:10     | Killed Maurice
 15518 | D:10     | Reached skill level 8 in Armour
 15533 | D:10     | Reached skill level 8 in Axes
 15534 | D:10     | Reached skill level 10 in Fighting
 15579 | D:10     | Noticed Erica
 15582 | D:10     | Reached ****** piety under Lugonu
 15590 | D:10     | Reached XP level 12. HP: 61/106 MP: 17/17
 15607 | D:10     | Killed Erica
 15894 | D:10     | Identified a scroll of acquirement
 15895 | D:10     | Acquired a manual of Armour
 15928 | D:11     | Noticed a two-headed ogre
 15929 | D:11     | Banished a two-headed ogre
 15930 | D:11     | Reached skill level 8 in Shields
 16055 | D:11     | Noticed a five-headed hydra
 16096 | D:11     | Noticed a two-headed ogre
 16098 | D:11     | Banished a two-headed ogre
 16108 | D:11     | HP: 26/107 [centaur/arrow (5)]
 16108 | D:11     | Noticed a two-headed ogre
 16316 | D:12     | Killed a two-headed ogre
 16500 | D:11     | HP: 24/107 [yak (4)]
 16837 | D:11     | Reached skill level 9 in Armour
 17078 | D:11     | Found a stormy altar of Qazlal.
 17359 | D:11     | Banished a five-headed hydra
 17719 | D:11     | Found a staircase to the Lair.
 17883 | D:11     | Acquired a manual of Fighting
 18228 | D:12     | Found a large runed translucent door.
 18228 | D:12     | Found a large runed translucent door.
 18229 | D:12     | Noticed Taurus's ghost (journeyman DjCj)
 18359 | D:12     | Reached skill level 11 in Fighting
 18392 | D:12     | Found a staircase to the Orcish Mines.
 18425 | D:12     | Reached skill level 9 in Axes
 19141 | D:12     | Reached skill level 10 in Armour
 19503 | D:12     | Killed Taurus's ghost
 19613 | D:13     | Noticed a centaur warrior
 19622 | D:13     | Killed a centaur warrior
 19623 | D:13     | Reached skill level 9 in Shields
 19724 | D:13     | Noticed a four-headed hydra
 19725 | D:13     | Banished a four-headed hydra
 19726 | D:13     | Reached skill level 12 in Fighting
 19768 | D:13     | Reached XP level 13. HP: 93/118 MP: 18/18
 19930 | D:13     | You pick up a book of Air and begin reading...
 19930 | D:13     | You add the spells Shock, Swiftness and Airstrike to your
                  | library.
 20197 | D:13     | Reached skill level 11 in Armour
 21058 | D:14     | Reached skill level 13 in Fighting
 21303 | D:14     | Reached skill level 10 in Axes
 21480 | D:14     | Noticed Azrael
 21481 | D:14     | Banished Azrael
 21837 | D:14     | You pick up a book of Pain and begin reading...
 21837 | D:14     | You add the spells Pain, Agony and Excruciating Wounds to
                  | your library.
 21977 | D:14     | Noticed Louise
 22002 | D:14     | Killed Louise
 22448 | D:14     | Reached skill level 10 in Shields
 22449 | D:14     | Reached skill level 12 in Armour
 22457 | D:14     | Reached skill level 14 in Fighting
 22654 | D:14     | Noticed a vault guard
 22683 | D:14     | Banished a vault guard
 22685 | D:14     | HP: 23/124 [vampire mosquito (9)]
 22692 | D:14     | HP: 15/124 [boulder beetle (8)]
 22958 | D:14     | Found a gate to the Vaults.
 23018 | D:15     | Entered Level 15 of the Dungeon
 23076 | D:15     | Noticed a fire dragon
 23080 | D:15     | Banished a fire dragon
 23175 | D:15     | Paralysed by an orc sorcerer for 3 turns
 23181 | D:15     | Reached XP level 14. HP: 64/133 MP: 19/19
 23730 | D:15     | Found a staircase to the Depths.
 24411 | D:15     | Reached skill level 15 in Fighting
 24474 | D:15     | Reached skill level 13 in Armour
 24476 | D:15     | Reached skill level 11 in Axes
 25129 | Lair:1   | Entered Level 1 of the Lair of Beasts
 25283 | Lair:1   | Identified the ring of Welipno {Fly Str+2 Dex+2}
 25414 | Lair:1   | You pick up a book of Misfortune and begin reading...
 25414 | Lair:1   | You add the spells Confusing Touch and Enfeeble to your
                  | library.
 25513 | Lair:1   | Found a snail-covered altar of Cheibriados.
 25998 | Lair:2   | Noticed Amaemon
 26009 | Lair:2   | Killed Amaemon
 26205 | Lair:2   | Identified the +10 spear "Ogre's Nightmare" {venom, Int+3}
 26341 | Lair:2   | Noticed Urug
 26356 | Lair:2   | Killed Urug
 26741 | Lair:2   | Reached skill level 11 in Shields
 27307 | Lair:2   | HP: 32/136 [death yak (9)]
 27850 | Lair:3   | Reached skill level 16 in Fighting
 27890 | Lair:3   | HP: 33/137 [yak (5)]
 28805 | Lair:3   | Found a staircase to the Shoals.
 29294 | Lair:4   | Found a staircase to the Snake Pit.
 29783 | Lair:5   | HP: 32/137 [electric eel/bolt of electricity (8)]
 30112 | Lair:5   | You pick up a book of Minor Magic and begin reading...
 30112 | Lair:5   | You add the spells Magic Dart, Call Imp and Mephitic Cloud
                  | to your library.
 30271 | Lair:5   | Reached skill level 14 in Armour
 30495 | Lair:5   | Reached skill level 1 in Throwing
 30506 | Lair:5   | Reached XP level 15. HP: 144/145 MP: 20/20
 30513 | Lair:5   | You add the spells Conjure Flame, Ignite Poison and Sticky
                  | Flame to your library.
 30950 | Lair:6   | Entered Level 6 of the Lair of Beasts
 30989 | Lair:6   | Reached skill level 2 in Throwing
 31154 | Lair:6   | Reached skill level 12 in Axes
 31158 | Lair:6   | Reached skill level 17 in Fighting
 31425 | Lair:6   | Reached skill level 3 in Throwing
 31957 | Lair:6   | Found a runed translucent door.
 32092 | Lair:6   | Reached skill level 12 in Shields
 32680 | Lair:6   | Found a staircase to the Slime Pits.
 32939 | Lair:6   | Reached skill level 4 in Throwing
 34206 | Orc:1    | Entered Level 1 of the Orcish Mines
 34206 | Orc:1    | Found Oried's Jewellery Boutique.
 34472 | Orc:1    | HP: 34/149 [orc priest/divine providence[an orc high
                  | priest] (16)]
 35439 | Orc:2    | Entered Level 2 of the Orcish Mines
 35439 | Orc:2    | Noticed Nessos
 35446 | Orc:2    | Found a staircase to the Elven Halls.
 36112 | Orc:2    | Found Xiul's General Store.
 36118 | Orc:2    | Killed Nessos
 36188 | Orc:2    | Found Jiazoi's Antique Armour Shoppe.
 36190 | Orc:2    | Found Moir's General Store.
 36264 | Orc:2    | Bought a scroll of acquirement for 780 gold pieces
 36264 | Orc:2    | Acquired 1134 gold pieces
 36322 | Orc:2    | Found Ulorub's Antique Weapon Boutique.
 36341 | Orc:2    | Reached XP level 16. HP: 120/157 MP: 21/21
 36347 | Orc:2    | Reached skill level 18 in Fighting
 36347 | Orc:2    | Reached skill level 1 in Evocations
 36520 | Orc:2    | Found Otybb's Jewellery Boutique.
 37158 | Orc:2    | Reached skill level 5 in Throwing
 37776 | Snake:1  | Entered Level 1 of the Snake Pit
 37806 | Snake:1  | Reached skill level 2 in Evocations
 37921 | Snake:1  | Found an ancient bone altar of Kikubaaqudgha.
 38777 | Snake:1  | HP: 21/157 [naga sharpshooter/arrow (22)]
 39225 | Snake:1  | Reached skill level 15 in Armour
 39226 | Snake:1  | Reached skill level 3 in Evocations
 39679 | Snake:2  | Found Sotyefe's Jewellery Shop.
 39683 | Snake:2  | Found Huexzeoh's Antique Weapon Shop.
 39695 | Snake:2  | Reached skill level 13 in Axes
 39825 | Snake:2  | Bought a shimmering broad axe for 207 gold pieces
 39825 | Snake:2  | Identified the +4 broad axe of the Middle {pain, rPois
                  | Will+ Str-3 Dex+4} (You bought it in a shop on level 2 of
                  | the Snake Pit)
 40615 | Snake:2  | Found Joomumocw's CLEARANCE SALE!.
 40623 | Snake:2  | Bought the +1 pair of gloves of the Worm {Drain rElec rC+
                  | Str+4} for 99 gold pieces
 40878 | Snake:2  | Reached skill level 4 in Evocations
 41181 | Snake:2  | Found a runed translucent door.
 41188 | Snake:2  | Noticed Kufisonn's ghost (journeyman DEEE)
 41196 | Snake:2  | Killed Kufisonn's ghost
 41197 | Snake:2  | Reached skill level 13 in Shields
 41209 | Snake:2  | Identified the ring of Cemi {Ice Will- MP+9 Str+7 Stlth+}
 41295 | Snake:3  | You pick up a book of Misfortune and begin reading...
 41297 | Snake:3  | Identified Roxanne's Handbook of Shape Shifting
 41297 | Snake:3  | Noticed Roxanne
 41325 | Snake:3  | Killed Roxanne
 41327 | Snake:3  | You add the spells Sting and Irradiate to your library.
 42013 | Snake:3  | You are cast into the Abyss!
 42013 | Snake:3  | Cast into level 1 of the Abyss (salamander)
 42044 | Abyss:1  | Noticed a revenant
 42096 | Snake:3  | You pass through the gate.
 42096 | Snake:3  | Escaped the Abyss
 42713 | Snake:3  | Reached skill level 5 in Evocations
 42850 | Snake:3  | Noticed Vashnia
 44832 | Snake:3  | HP: 25/157 [Vashnia/arrow (32)]
 44836 | Snake:3  | Killed Vashnia
 44837 | Snake:3  | Reached XP level 17. HP: 50/163 MP: 22/22
 44837 | Snake:3  | HP: 34/163 [naga sharpshooter/bolt[Vashnia] (16)]
 44842 | Snake:2  | HP: 18/163 [naga sharpshooter/bolt[Vashnia] (7)]
 46057 | Snake:4  | Entered Level 4 of the Snake Pit
 46340 | Snake:4  | Reached skill level 6 in Throwing
 46387 | Snake:4  | HP: 34/163 [acid (12)]
 46400 | Snake:4  | HP: 29/163 [freezing wraith (3)]
 46423 | Snake:4  | Found a frozen archway.
 46566 | IceCv    | Entered an ice cave
 47569 | IceCv    | Identified the +2 chain mail of Poery {rPois rF+ rCorr
                  | Int-3}
 47576 | IceCv    | You pick up a book of Spectacle and begin reading...
 47576 | IceCv    | You add the spells Dazzling Flash, Iskenderun's Mystic
                  | Blast and Starburst to your library.
 47603 | IceCv    | Reached skill level 14 in Axes
 47606 | IceCv    | HP: 37/163 [minotaur simulacrum (7)]
 47612 | IceCv    | HP: 14/163 [spriggan defender simulacrum (11)]
 47612 | IceCv    | HP: 4/163 [spriggan defender simulacrum (10)]
 48966 | IceCv    | Reached skill level 16 in Armour
 50161 | Snake:4  | Reached skill level 14 in Shields
 50201 | Snake:4  | Reached skill level 7 in Throwing
 50311 | Snake:4  | Noticed a quicksilver dragon
 50313 | Snake:4  | Noticed a quicksilver dragon
 50644 | Snake:4  | HP: 28/163 [quicksilver dragon/bolt of dispelling energy
                  | (44)]
 50726 | Snake:4  | HP: 40/163 [hell beast[a Zot trap] (2)]
 50732 | Snake:4  | HP: 25/163 [hell beast[a Zot trap] (4)]
 51209 | Snake:4  | Got a serpentine rune of Zot
 51820 | Shoals:1 | Entered Level 1 of the Shoals
 51821 | Shoals:1 | magus.rc [v1.11.3]
 51966 | Shoals:1 | Reached XP level 18. HP: 135/172 MP: 23/23
 52132 | Shoals:1 | You pick up a book of Storms and begin reading...
 52132 | Shoals:1 | You add the spells Summon Lightning Spire and Lightning
                  | Bolt to your library.
 52896 | Shoals:1 | Reached skill level 8 in Throwing
 53084 | Shoals:1 | HP: 35/172 [sea snake (13)]
 53089 | Shoals:1 | HP: 23/172 [sea snake (12)]
 54405 | Shoals:2 | Identified the +7 quarterstaff of a sewer {vorpal, Str+2}
 54654 | Shoals:2 | Found a runed translucent door.
 54673 | Shoals:2 | Found a corrupted altar of Lugonu.
 54673 | Shoals:2 | Found a one-way gate to the infinite horrors of the Abyss.
 54690 | Shoals:2 | Paralysed by a chaos spawn for 4 turns
 54803 | Shoals:2 | You pick up a book of Weapons and begin reading...
 55106 | Shoals:2 | HP: 42/172 [merfolk impaler/+5 trident of venom (8)]
 55655 | Shoals:2 | Found Ugrebadgh's Visitors' Centre.
 55655 | Shoals:2 | Found Ugrebadgh's Merfolk Magic.
 55666 | Shoals:2 | Found Ugrebadgh's Merfolk Armours.
 55666 | Shoals:2 | Found Ugrebadgh's Merfolk Weapons.
 55696 | Shoals:2 | Bought 2 silver javelins for 62 gold pieces
 56150 | Shoals:3 | You pick up a book of the Warp and begin reading...
 56150 | Shoals:3 | You add the spells Dispersal and Disjunction to your
                  | library.
 56191 | Shoals:3 | Noticed Donald
 56202 | Shoals:3 | HP: 34/172 [faun/sling bullet (16)]
 56582 | Shoals:2 | HP: 34/172 [Donald/+2 long sword of holy wrath (29)]
 56584 | Shoals:2 | Killed Donald
 56585 | Shoals:2 | Reached skill level 15 in Axes
 57548 | Shoals:3 | Identified the ring of the Hero {rF- rC+ Int+4 Stlth+}
 57851 | Shoals:4 | Entered Level 4 of the Shoals
 57920 | Shoals:4 | Reached skill level 9 in Throwing
 57929 | Shoals:4 | Reached skill level 15 in Shields
 58117 | Shoals:4 | Reached skill level 17 in Armour
 58121 | Shoals:4 | HP: 23/172 [merfolk javelineer/javelin (25)]
 58790 | Shoals:4 | Got a barnacled rune of Zot
 58820 | Shoals:4 | HP: 41/172 [merfolk/+0 trident (6)]
 58822 | Shoals:4 | HP: 18/172 [wind drake/the air (13)]
 59384 | Shoals:4 | Reached XP level 19. HP: 143/179 MP: 24/24
 59715 | Shoals:4 | You add the spells Blink and Manifold Assault to your
                  | library.
 60310 | Shoals:4 | You pick up a book of the Warp and begin reading...
 61144 | Snake:4  | Reached skill level 10 in Throwing
 61205 | Snake:4  | HP: 2/179 [quicksilver dragon/bolt of dispelling energy
                  | (50)]
 61213 | Snake:4  | HP: 13/179 [quicksilver dragon/bolt of dispelling energy
                  | (8)]
 61215 | Snake:4  | Killed from afar by a quicksilver dragon

Vanquished Creatures
  Vashnia (Snake:3)
  A quicksilver dragon (Snake:4)
  2 krakens
  Donald (Shoals:2)
  Roxanne (Snake:3)
  An orc warlord (Orc:1)
  A nagaraja (Snake:4)
  Louise (D:14)
  The ghost of Kufisonn the Worldbinder, a journeyman DEEE of the Shining One (Snake:2)
  Nessos (Orc:2)
  2 blizzard demons (IceCv)
  3 merfolk impalers
  6 merfolk javelineers (Shoals:4)
  2 fire dragons
  4 boulder beetles
  7 salamander tyrants
  A merfolk aquamancer (Shoals:4)
  A hell beast (Snake:4)
  2 merfolk avatars
  7 satyrs
  6 centaur warriors
  Erica (D:10)
  An alligator snapping turtle (Shoals:4)
  The ghost of Taurus the Thaumaturge, a journeyman DjCj of Makhleb (D:12)
  8 anacondas
  10 death yaks
  2 two-headed ogres
  6 naga warriors
  A tengu warrior (D:14)
  17 naga sharpshooters
  5 orc high priests
  8 shock serpents
  Urug (Lair:2)
  Nergalle (D:10)
  Amaemon (Lair:2)
  Sonja (D:10)
  A salamander mystic (Snake:4)
  13 sea snakes
  9 spriggan simulacra (IceCv)
  A bog body (IceCv)
  An obsidian statue (IceCv)
  3 naga ritualists
  3 lindwurms (Lair:6)
  19 harpies
  A deep elf pyromancer (D:14)
  Pikel (D:9)
  4 orc knights
  28 fauns
  An orc sorcerer (D:15)
  5 mana vipers
  20 manticores
  A wolf spider (Lair:6)
  17 salamanders
  3 cyclopes
  12 ugly things
  5 elephants (Lair:6)
  A worldbinder (Shoals:2)
  11 merfolk sirens
  An apocalypse crab (Shoals:2)
  12 water nymphs
  5 guardian serpents
  37 black mambas
  A black mamba (shapeshifter) (D:8)
  18 naga magi
  An orange demon (Lair:2)
  5 torpor snails (Lair:6)
  Maurice (D:10)
  3 gargoyles
  Maggie (D:7)
  2 unseen horrors
  6 rime drakes
  3 kobold demonologists
  6 komodo dragons
  15 cane toads
  7 ice devils (IceCv)
  4 entropy weaver simulacra (IceCv)
  An anaconda simulacrum (IceCv)
  An efreet (D:13)
  A tengu conjurer (D:14)
  An ancient zyme (Shoals:2)
  7 freezing wraiths
  8 trolls
  3 polar bears
  7 wind drakes
  24 merfolk
  11 hornets
  3 tyrant leeches (Lair:6)
  6 slime creatures
  4 blink frogs (Lair:6)
  14 dream sheep
  8 snapping turtles
  A dire elephant simulacrum (IceCv)
  A vampire (D:12)
  50 yaks
  2 water elementals
  3 wraiths
  10 wyverns
  6 basilisks
  Eustachio (D:5)
  A chaos spawn (Shoals:2)
  3 fire elementals (D:14)
  4 redbacks (Lair:6)
  2 wargs
  10 vampire mosquitoes
  10 minotaur simulacra (IceCv)
  31 nagas
  3 harpy simulacra (IceCv)
  A spatial vortex (Shoals:2)
  A hydra simulacrum (IceCv)
  An acid dragon (D:13)
  A hell hound (D:14)
  23 water moccasins
  4 ice beasts
  32 orc warriors
  A sky beast (D:6)
  3 alligator simulacra (IceCv)
  A snapping turtle zombie (Shoals:2)
  A black bear (D:6)
  2 ettin simulacra (IceCv)
  6 ogres
  9 centaurs
  14 wolves
  2 phantoms
  A lemure (D:9)
  An elf zombie (Ossuary)
  13 kobold brigands
  2 small abominations (Abyss:1)
  8 bullfrogs
  A necrophage (D:4)
  2 gnoll sergeants (D:8)
  3 deep troll simulacra (IceCv)
  4 scorpions
  A wight (D:8)
  7 killer bees (D:8)
  2 lindwurm simulacra (IceCv)
  2 electric eels (Lair:5)
  3 howler monkeys
  5 jellies
  22 orc priests
  5 gnoll shamans
  Ijyb (D:4)
  20 orc wizards
  3 mummies (Ossuary)
  17 gnolls
  5 river rats
  9 adders
  2 shadow imps
  7 white imps
  4 ufetubi
  2 adder zombies (Ossuary)
  7 worms
  3 dart slugs
  83 orcs
  A bat (D:3)
  10 endoplasms
  5 giant cockroaches
  3 goblins
  12 hobgoblins
  9 jackals
  23 kobolds
  6 quokkas
  12 ball pythons
  2 frilled lizards
  2 goblin zombies (Ossuary)
  5 hobgoblin zombies (Ossuary)
  4 kobold zombies (Ossuary)
  2 orc zombies (Ossuary)
  2 quokka zombies (Ossuary)
  7 rats
  A butterfly (Lair:4)
  10 tentacles
1104 creatures vanquished.

Vanquished Creatures (collateral kills)
  A naga mage (Snake:4)
1 creature vanquished.

Vanquished Creatures (others)
  A salamander mystic (Snake:4)
  A sea snake (Shoals:4)
  A salamander (Snake:4)
  A kobold brigand (D:10)
  39 fungi
  288 plants
  30 tentacles
361 creatures vanquished.

Grand Total: 1466 creatures vanquished

Table legend:
 A = Non-vault XP
 B = Vault XP
 C = Vault XP percentage of total XP
 D = Non-vault monster count
 E = Vault monster count
 F = Vault count percentage of total count
                 A         B        C        D         E       F
            +---------+---------+-------+---------+---------+-------
      Total |  215274 |  121159 |  36.0 |     745 |     367 |  33.0
            +---------+---------+-------+---------+---------+-------
        D:1 |      29 |      10 |  25.6 |      17 |       4 |  19.0
        D:2 |     103 |       0 |   0.0 |      26 |       0 |   0.0
        D:3 |      88 |      24 |  21.4 |      21 |       6 |  22.2
        D:4 |     309 |     156 |  33.5 |      11 |       5 |  31.2
        D:5 |     958 |     344 |  26.4 |      26 |       8 |  23.5
        D:6 |     602 |       0 |   0.0 |       8 |       0 |   0.0
        D:7 |    1235 |     404 |  24.6 |      15 |       1 |   6.2
        D:8 |    3009 |    2294 |  43.3 |      26 |      20 |  43.5
        D:9 |    1630 |     593 |  26.7 |      35 |       1 |   2.8
       D:10 |    4317 |    2363 |  35.4 |      29 |       4 |  12.1
       D:11 |    4517 |       0 |   0.0 |      16 |       0 |   0.0
       D:12 |    4817 |    1322 |  21.5 |      21 |      19 |  47.5
       D:13 |    7761 |       0 |   0.0 |      18 |       0 |   0.0
       D:14 |    8596 |    5689 |  39.8 |      21 |      10 |  32.3
       D:15 |    8264 |    1825 |  18.1 |      21 |       2 |   8.7
     Temple |     109 |       0 |   0.0 |       1 |       0 |   0.0
     Lair:1 |    2994 |       0 |   0.0 |       8 |       0 |   0.0
     Lair:2 |    6883 |    1987 |  22.4 |      23 |       3 |  11.5
     Lair:3 |    4260 |     241 |   5.4 |      16 |       1 |   5.9
     Lair:4 |    2261 |     536 |  19.2 |       7 |       3 |  30.0
     Lair:5 |    5013 |     858 |  14.6 |      22 |       3 |  12.0
     Lair:6 |   14714 |   17785 |  54.7 |      41 |      59 |  59.0
   Shoals:1 |   22301 |       0 |   0.0 |      42 |       0 |   0.0
   Shoals:2 |   10467 |    6063 |  36.7 |      20 |      13 |  39.4
   Shoals:3 |   16664 |       0 |   0.0 |      33 |       0 |   0.0
   Shoals:4 |   11929 |   25295 |  68.0 |      24 |      40 |  62.5
    Snake:1 |   14230 |       0 |   0.0 |      28 |       0 |   0.0
    Snake:2 |   13872 |    1824 |  11.6 |      32 |       2 |   5.9
    Snake:3 |   22557 |    7261 |  24.4 |      43 |       6 |  12.2
    Snake:4 |   17091 |   13807 |  44.7 |      31 |      22 |  41.5
      Orc:1 |    3024 |    5478 |  64.4 |      48 |      16 |  25.0
      Orc:2 |     670 |    5130 |  88.4 |      12 |      16 |  57.1
    Abyss:1 |       0 |       0 |   N/A |       3 |       0 |   0.0
      Sewer |       0 |     894 | 100.0 |       0 |      28 | 100.0
    Ossuary |       0 |     176 | 100.0 |       0 |      21 | 100.0
      IceCv |       0 |   18800 | 100.0 |       0 |      54 | 100.0
            +---------+---------+-------+---------+---------+-------

Illustrated notes

Table legend:
 A = Kills in this place as a percentage of kills in entire the game.
 B = Kills by you in this place as a percentage of kills by you in the entire game.
 C = Kills by friends in this place as a percentage of kills by friends in the entire game.
 D = Other kills in this place as a percentage of other kills in the entire game.
 E = Experience gained in this place as a percentage of experience gained in the entire game.
 F = Experience gained in this place divided by the number of levels of this place that you have seen.
                   A       B       C       D       E      F
               +-------+-------+-------+-------+-------+----------------------
         Total | 100.0 | 100.0 | 100.0 | 100.0 | 100.0 | 8853.5
       Dungeon |  35.2 |  34.6 |   0.0 |  65.0 |  18.2 | 4083.9
        Temple |   0.1 |   0.1 |   0.0 |   0.0 |   0.0 | 109.0
          Lair |  16.7 |  16.9 |   0.0 |  10.0 |  17.1 | 9588.7
        Shoals |  15.5 |  15.7 |   0.0 |   5.0 |  27.6 | 23179.8
     Snake Pit |  14.7 |  14.7 | 100.0 |  15.0 |  26.9 | 22660.5
  Orcish Mines |   8.3 |   8.4 |   0.0 |   0.0 |   4.3 | 7151.0
         Abyss |   0.3 |   0.3 |   0.0 |   0.0 |   0.0 |   0.0
         Sewer |   2.5 |   2.6 |   0.0 |   0.0 |   0.3 | 894.0
       Ossuary |   1.9 |   1.9 |   0.0 |   0.0 |   0.1 | 176.0
      Ice Cave |   4.9 |   4.9 |   0.0 |   5.0 |   5.6 | 18800.0
               +-------+-------+-------+-------+-------+----------------------

Table legend: (Time is in decaauts)
 A = Elapsed time spent in this place.
 B = Non-inter-level travel time spent in this place.
 C = Inter-level travel time spent in this place.
 D = Time resting spent in this place.
 E = Time spent auto-exploring this place.
 F = Levels seen in this place.
 G = Mean time per level.
                   A        B        C        D        E       F      G
               +--------+--------+--------+--------+--------+-----+--------+
         Total |  62338 |  60060 |   2278 |  16477 |  33091 |  38 | 1640.5 |
       Dungeon |  24297 |  23102 |   1195 |   3892 |  15060 |  15 | 1619.8 |
        Temple |    254 |    254 |      0 |    241 |      0 |   1 |  254.0 |
          Lair |   9947 |   9515 |    432 |   2158 |   6129 |   6 | 1657.8 |
        Shoals |   9097 |   8968 |    129 |   2961 |   4381 |   4 | 2274.2 |
     Snake Pit |  10768 |  10305 |    463 |   4461 |   3997 |   4 | 2692.0 |
  Orcish Mines |   2687 |   2630 |     57 |    857 |   1256 |   2 | 1343.5 |
         Abyss |    258 |    258 |      0 |      0 |    113 |   3 |   86.0 |
         Sewer |   1762 |   1762 |      0 |    170 |   1090 |   1 | 1762.0 |
       Ossuary |    376 |    376 |      0 |    190 |     71 |   1 |  376.0 |
      Ice Cave |   2888 |   2888 |      0 |   1546 |    991 |   1 | 2888.0 |
               +--------+--------+--------+--------+--------+-----+--------+

Top non-repeatable levels by time:
 Snake:2: 4176 daAuts
     D:8: 3310 daAuts
    D:12: 3167 daAuts
  Lair:6: 3100 daAuts
 Snake:4: 2966 daAuts
   IceCv: 2888 daAuts
Shoals:1: 2786 daAuts
Shoals:2: 2370 daAuts
 Snake:3: 2332 daAuts
Shoals:4: 2197 daAuts
    D:14: 2024 daAuts
    D:15: 1999 daAuts
  Lair:2: 1888 daAuts
   Orc:1: 1811 daAuts
     D:4: 1791 daAuts
